Map: Hecate LE

Players

demzi

  • Race: Zerg Zerg
  • League: Silver
  • Spawn Location: 7:00

Zilaz - Winner!

  • Race: Terran Terran
  • League: Silver
  • Spawn Location: 1:00

VOD

Have the link to the VOD?

Description

Time

  • Played on: March 20, 2024, 3:16 p.m.
  • Length: 14:29
Show
View Real Time Build Order
Export as new Build Order

demzi Zerg 

Build Orders: Hatch First 

Get SALT Encoding   

  12  0:00  Drone  
  13  0:12  Overlord  
  13  0:17  Drone  
  14  0:25  Overlord  
  14  0:31  Drone  
  14  0:35  Drone  
  16  0:45  Drone  
  17  0:56  Drone  
  18  1:05  Hatchery  
  17  1:11  Drone  
  17  1:18  Spawning Pool  
  17  1:20  Drone  
  18  1:26  Extractor  
  18  1:28  Drone  
  18  1:39  Drone  
  19  1:55  Overlord  
  19  2:05  Queen  
  21  2:09  Drone  
  21  2:14  Drone  
  23  2:21  Queen  
  23  2:22  Drone  
  26  2:23  Drone  
  26  2:25  Metabolic Boost  
  27  2:35  Zergling x4  
  29  2:38  Drone  
  29  2:43  Overlord  
  30  2:51  Drone  
  31  2:55  Overlord  
  31  3:02  Queen  
  31  3:05  Drone x2  
  35  3:18  Drone  
  35  3:19  Drone x3  
  39  3:21  Drone  
  40  3:28  Lair  
  40  3:33  Drone x2  
  42  3:34  Hatchery  
  40  3:46  Zergling x6  
  40  3:47  Zergling x4  
  44  3:59  Roach Warren  
  43  4:05  Evolution Chamber  
  43  4:08  Evolution Chamber  
  41  4:11  Drone x3  
  41  4:12  Drone x2  
  41  4:13  Drone x2  
  48  4:17  Extractor x2  
  46  4:26  Drone x4  
  46  4:30  Extractor  
  51  4:45  Roach  
  51  4:50  Drone x3  
  51  4:51  Drone x2  
  51  4:52  Drone  
  57  4:58  Overlord x2  
  57  5:04  Queen  
  57  5:12  Roach  
  57  5:13  Roach x2  
  57  5:16  Overlord x3  
  57  5:23  Roach  
  57  5:24  Roach x3  
  65  5:31  Zergling x6  
  65  5:32  Zergling x8  
  72  5:38  Roach Warren  
  72  5:42  Zergling x4  
  74  6:18  Drone x14  
  74  6:19  Drone  
  74  6:20  Queen  
  74  6:25  Pneumatized Carapace  
  77  6:48  Extractor, Drone x3  
  77  6:49  Drone  
  77  6:50  Drone x4, Extractor  
  77  6:51  Drone  
  84  6:59  Overlord x6  
  84  7:03  Ravager x3  
  84  7:05  Ravager x2  
  84  7:06  Ravager  
  90  7:10  Tunneling Claws  
  90  7:15  Roach x3  
  87  7:16  Roach  
  87  7:18  Roach  
  87  7:21  Roach  
  84  7:24  Roach  
  84  7:26  Roach x6  
  84  7:28  Roach x3  
  104  7:35  Roach x2  
  108  7:44  Roach x2  
  108  7:49  Overlord x2  
  112  7:55  Roach  
  112  7:56  Roach x3  
  120  7:59  Overlord  
  120  8:12  Roach x9  
  133  8:17  Ravager x6  
  137  8:22  Roach  
  137  8:23  Roach x4  
  145  8:33  Roach x4  
  153  8:35  Overlord x3  
  153  8:37  Roach x2  
  157  8:53  Roach  
  157  8:54  Roach x2  
  163  9:15  Roach x4  
  163  9:16  Roach x6  
  147  9:46  Roach  
  147  9:47  Zergling x20  
  153  10:01  Ravager x2  
  153  10:02  Ravager x2  
  153  10:03  Roach x6  
  153  10:05  Ravager x2  
  171  10:09  Queen  
  171  10:11  Roach x3  
  140  11:01  Roach  
  140  11:02  Roach x11  
  97  11:13  Roach x2  
  99  11:29  Roach x5  
  109  11:42  Roach x2  
  109  11:43  Roach x8  
  129  11:53  Ravager x3  
  129  11:54  Ravager x5  
  133  11:56  Roach  
  133  11:57  Roach x4  
  147  12:09  Roach  
  147  12:10  Roach x5  
  159  12:16  Spire  
  158  12:28  Roach x3  
  158  12:29  Roach x5  
  174  12:48  Hatchery  
  161  13:03  Drone x3  
  161  13:04  Drone x3  
  169  13:05  Roach  
  169  13:06  Roach x4  
  143  13:57  Roach x6  
  143  13:58  Roach x2  
Show
View Real Time Build Order
Export as new Build Order

Zilaz Terran - Winner!

Build Orders: 2 Factory, Mech 

Get SALT Encoding   

  12  0:00  SCV  
  13  0:13  SCV  
  14  0:22  Supply Depot  
  14  0:25  SCV  
  15  0:32  Refinery  
  15  0:43  SCV  
  15  0:46  Barracks  
  16  0:55  SCV  
  17  1:07  SCV  
  18  1:20  SCV  
  19  1:35  Factory, Marine  
  19  1:38  Orbital Command  
  20  1:55  Command Center  
  20  2:00  Barracks Reactor  
  20  2:09  Supply Depot  
  20  2:13  SCV  
  21  2:20  Refinery  
  21  2:24  Factory Tech Lab  
  21  2:25  SCV  
  22  2:37  Factory  
  22  2:38  SCV  
  23  2:51  SCV  
  24  2:54  Hellion  
  24  2:55  Hellion  
  28  3:03  SCV  
  29  3:09  Orbital Command  
  29  3:15  SCV  
  29  3:18  Cyclone x2  
  34  3:33  Orbital Command  
  34  3:34  Supply Depot, Refinery  
  34  3:38  Cyclone  
  36  3:49  SCV  
  36  3:51  Cyclone x2  
  36  3:54  Barracks Tech Lab  
  41  3:59  SCV  
  41  4:01  SCV  
  43  4:05  Supply Depot  
  43  4:10  Hurricane Engines  
  43  4:11  SCV  
  43  4:13  Hellion  
  43  4:16  SCV  
  47  4:23  SCV  
  48  4:28  SCV  
  48  4:29  Supply Depot  
  49  4:35  SCV  
  50  4:39  Hellion x2  
  50  4:41  Factory  
  54  4:49  SCV  
  54  4:50  SCV  
  54  4:52  Supply Depot  
  56  5:01  SCV  
  56  5:02  SCV  
  58  5:08  Command Center  
  58  5:09  Cyclone x2  
  60  5:20  SCV x2  
  62  5:32  SCV x2  
  64  5:44  SCV x2  
  64  5:48  Siege Tank  
  69  5:52  Barracks Tech Lab  
  69  5:54  Factory  
  69  5:56  Factory, SCV  
  62  6:08  Cyclone x3  
  66  6:15  SCV x2  
  66  6:16  Engineering Bay  
  68  6:18  Refinery  
  68  6:21  Orbital Command  
  68  6:26  Infernal Pre-Igniter  
  68  6:27  SCV x2  
  68  6:29  Armory  
  68  6:31  Cyclone  
  72  6:39  SCV  
  71  6:40  Cyclone  
  71  6:46  Factory Tech Lab  
  73  6:58  Orbital Command  
  73  7:03  Hellion x3  
  73  7:04  Command Center  
  79  7:24  SCV x2  
  79  7:25  SCV  
  82  7:30  Thor  
  82  7:36  SCV x2  
  82  7:37  SCV, Supply Depot  
  91  7:41  Supply Depot  
  91  7:48  SCV  
  92  7:55  Refinery x2  
  92  7:58  Thor, Cyclone  
  100  8:01  Supply Depot, SCV  
  100  8:03  Hellion x2, Cyclone, Supply Depot, SCV x2  
  109  8:16  SCV x3  
  112  8:24  Cyclone  
  112  8:25  Thor  
  118  8:30  Thor, Command Center  
  118  8:33  Missile Turret  
  124  8:35  SCV x3  
  124  8:39  Thor  
  133  8:43  Supply Depot  
  133  8:48  Terran Vehicle Weapons Level 1  
  133  8:49  Missile Turret  
  133  9:04  SCV x3  
  136  9:12  Command Center  
  136  9:14  Thor  
  136  9:16  Siege Tank, SCV x3  
  148  9:20  Supply Depot  
  148  9:22  Supply Depot  
  148  9:25  Missile Turret  
  148  9:28  Supply Depot  
  148  9:29  Supply Depot  
  148  9:30  Supply Depot  
  148  9:33  SCV  
  148  9:34  SCV  
  140  9:41  Hellion x3  
  140  9:42  Hellion  
  125  9:47  Refinery  
  125  9:51  Thor  
  131  9:57  Thor  
  137  10:00  Starport  
  137  10:02  Thor  
  137  10:03  Hellion, Refinery  
  145  10:09  Hellion x2  
  145  10:11  Planetary Fortress  
  149  10:19  SCV x3  
  152  10:24  Hellion  
  154  10:30  Hellion  
  154  10:31  SCV  
  157  10:41  Command Center  
  155  10:44  Siege Tank x3  
  160  11:02  Siege Tank  
  152  11:11  Terran Vehicle And Ship Armor Level 1  
  152  11:14  Starport Reactor  
  152  11:16  Siege Tank x2  
  158  11:29  Hellion x3  
  164  11:34  Hellion  
  164  11:38  Factory  
  164  11:39  Factory  
  166  11:43  Planetary Fortress  
  166  11:47  Sensor Tower  
  166  11:48  Hellion  
  168  11:56  Orbital Command  
  168  12:00  Hellion x3  
  168  12:01  Hellion  
  168  12:02  Hellion x4  
  168  12:05  Smart Servos, Drilling Claws  
  168  12:08  Liberator x2  
  184  12:12  Armory  
  184  12:25  Factory Tech Lab x2  
  184  12:27  Hellion x5  
  194  12:33  Command Center  
  194  12:35  SCV x4, Refinery  
  194  12:36  SCV, Refinery  
  195  12:53  Hellion x3  
  195  12:54  Hellion x3  
  195  12:57  Fusion Core  
  191  12:59  Liberator  
  188  13:23  Hellion x4  
  188  13:24  Hellion  
  188  13:26  Liberator  
  193  13:55  Hellion x4  
  191  13:56  Hellion x2  
  197  14:21  Command Center  
Tags
 
Composition
Mech
Matchup
TvZ
Replay Pack
Multiplayer
Spawn Locations
Cross Positions
Add a new tag
Caveats
  • Supply blocks, unpowered buildings, or Contaminate may cause inaccurate times.
  • Supply counts are checked every 10 seconds.